AoeStats
← SharpShooTer

Black Forest

510185144Analyzed
3v3 RM · 4d ago on Sep 29, 2026· 24m 5s· 6 players
Game mode
Random Map
Map size
Normal (6 player)
Population
200
Speed
Normal
Resources
Standard
Victory
Conquest
Starting age
Dark Age
Ending age
Imperial Age
RankedLock teamsTeams togetherTeam positionsShared explorationLock speedFull tech treeHidden civsTurbo modeCheats
Victory
Defeat
🇸🇬 Spanish · Singapore
1036
+14
🇮🇳 Franks · India
1018
+15
🇳🇱 Italians · Netherlands
997
+16
🇹🇷 Khmer · Türkiye
1009
-16
🇹🇷 Goths · Türkiye
1004
-15
🇹🇷 Turks · Türkiye
975
-14
akbaba
0:29 Loom
16:45 Feudal Age
17:29 Double-Bit Axe
21:32 Castle Age
19:37 Horse Collar
22:54 Bow Saw
Estergon_
10:56 Feudal Age
9:40 Loom
16:43 Castle Age
16:14 Scale Barding Armor
16:19 Forging
19:47 Double-Bit Axe
20:51 Horse Collar
MASTER
0:28 Loom
14:19 Feudal Age
16:01 Wheelbarrow
16:47 Horse Collar
20:44 Castle Age
20:26 Double-Bit Axe
realtrading
1:14 Loom
13:29 Feudal Age
14:45 Wheelbarrow
17:25 Castle Age
15:19 Double-Bit Axe
15:28 Horse Collar
15:56 Fletching
16:24 Padded Archer Armor
18:40 Bodkin Arrow
19:02 Leather Archer Armor
22:12 Stone Mining
aclcbrn
1:29 Loom
11:18 Feudal Age
11:52 Double-Bit Axe
22:21 Castle Age
21:51 Gold Mining
21:51 Fishing Lines
23:14 Wheelbarrow
24:26 Bow Saw
SharpShooTer
10:51 Feudal Age
10:56 Feudal Age
9:50 Loom
15:29 Castle Age
13:37 Double-Bit Axe
14:21 Gold Mining
22:25 Wheelbarrow
22:20 Bow Saw
24:45 Wheelbarrow
Connection lost

Rejoining the realm…

Still unreachable

The connection could not be restored.

Session expired

The server has moved on; the page needs a fresh start.